 Dungeon Crawl Stone Soup version 0.27-a0-1565-gad902ab807 (webtiles) character file.

Game seed: 4409515415718852802

5440 BorisBritva the Basher (level 10, -3/65 HPs)
             Began as a Gargoyle Chaos Knight on July 16, 2021.
             Was a Plaything of Xom.
             Slain by a slime creature (12 damage)
             ... on level 9 of the Dungeon.
             The game lasted 00:22:19 (8129 turns).

BorisBritva the Basher (Gargoyle Chaos Knight)      Turns: 8129, Time: 00:22:19

Health: -3/65      AC: 27    Str: 21    XL:     10   Next: 68%
Magic:  10/10      EV: 11    Int: 16    God:    Xom [*.....]
Gold:   290        SH:  6    Dex: 12    Spells: 9/9 levels left

rFire    + + .     SeeInvis .   t - +3 flail (vorpal)
rCold    + . .     Faith    +   (no shield)
rNeg     + . .     Spirit   .   u - +5 ring mail {rF+}
rPois    ∞         Reflect  .   (helmet restricted)
rElec    +         Harm     .   x - +0 cloak
rCorr    .         Rampage  .   f - +0 pair of gloves
Will     +....     Clarity  +   w - +1 pair of boots
Stlth    +.........             k - amulet of faith
HPRegen  0.20/turn              (no ring)
MPRegen  0.12/turn              (no ring)

@: no status effects
A: sickness immunity, AC +7, negative energy resistance 1, electricity
resistance, torment resistance 1, petrification resistance, hooves 2, horns 2,
iridescent scales 2, large bone plates 2, agile 1, clarity, clever 1, cold
resistance 1, fire resistance 1, strong-willed 1, passive freeze, strong 2, wild
magic 1
a: Renounce Religion


You were on level 9 of the Dungeon.
You worshipped Xom.
You were a special plaything of Xom.
You visited 1 branch of the dungeon, and saw 9 of its levels.

You collected 542 gold pieces.
You spent 252 gold pieces at shops.

Inventory:

Hand Weapons
 a - a +0 mace of chaos
 t - a +3 vorpal flail (weapon)
Missiles
 z - 2 throwing nets (quivered)
Armour
 f - a +0 pair of gloves (worn)
 u - a +5 ring mail of fire resistance (worn)
 w - a +1 pair of boots (worn)
 x - a +0 cloak (worn)
 A - the +0 chain mail of Ytwiborch {Drain rF++ Str+6}
   (Xom gifted it to you on level 9 of the Dungeon)

   Str:       It affects your strength (+6).
   rF:        It greatly protects you from fire.
   Drain:     It drains your maximum health when unequipped.
Jewellery
 k - an amulet of faith (around neck)
Wands
 o - a wand of mindburst (12)
 s - a wand of paralysis (9)
 B - a wand of polymorph (5)
Scrolls
 c - 2 scrolls of teleportation
 e - a scroll of summoning
 g - a scroll of enchant weapon
 l - a scroll of blinking {unknown}
 n - a scroll of amnesia {unknown}
 p - 2 scrolls of fog {unknown}
 y - a scroll of immolation {unknown}
Potions
 b - a potion of cancellation {unknown}
 d - 2 potions of magic
 h - a potion of haste {unknown}
 i - 3 potions of attraction
 j - 2 potions of lignification
 m - a potion of brilliance
 q - 2 potions of invisibility
 v - a potion of heal wounds {unknown}


   Skills:
 + Level 8.6 Fighting
 + Level 12.2 Maces & Flails
 + Level 7.6 Armour
 - Level 1.0 Dodging
 - Level 0.1 Shields


You had 9 spell levels left.
You didn't know any spells.
Your spell library contained the following spells:

 Spells                   Type           Power      Damage    Failure   Level
 Beastly Appendage        Tmut           0%         N/A       45%         1
 Pain                     Necr           0%         1d4       45%         1
 Wereblood                Tmut           0%         N/A       58%         2
 Gell's Gravitas          Tloc           0%         N/A       82%         3
 Ozocubu's Armour         Ice            0%         N/A       82%         3
 Spider Form              Tmut/Pois      0%         N/A       82%         3
 Teleport Other           Tloc           0%         N/A       82%         3
 Sticky Flame             Conj/Fire      0%         2d3       99%         4
 Agony                    Necr           0%         N/A       100%        5
 Excruciating Wounds      Necr           0%         N/A       100%        5
 Dispersal                Tloc           0%         N/A       100%        6
 Polar Vortex             Ice            0%         N/A       100%        9


Dungeon Overview and Level Annotations

Branches:
Dungeon (9/15)             Temple (0/1) D:6            Lair (0/6) D:8
    Orc: D:9-12

Altars:
Cheibriados
Hepliaklqana
Qazlal
Ru
Sif Muna
Uskayaw
Vehumet
Xom

Shops:
D:5 ?   D:7 *   D:9 *


Innate Abilities, Weirdness & Mutations

You are immune to sickness and miasma.
Your stone body is resilient. (AC +7)
You are immune to poison.
You resist negative energy. (rN+)
You are resistant to electric shocks. (rElec)
You are resistant to unholy torment.
You are immune to petrification.
You have hoof-like feet.
You have a pair of horns on your head.
You are mostly covered in iridescent scales. (AC +4)
You are mostly covered in large bone plates. (SH +6)
You are agile. (Dex +2)
You possess an exceptional clarity of mind.
Your mind is acute. (Int +2)
Your flesh is cold resistant. (rC+)
Your flesh is heat resistant. (rF+)
You are strong-willed. (Will+)
A frigid envelope surrounds you and freezes all who hurt you.
Your muscles are very strong. (Str +4)
Your spells are a little harder to cast, but a little more powerful.


Message History

You hit the slime creature. You headbutt the slime creature.
The slime creature is heavily wounded.
The slime creature hits you!
* * * LOW HITPOINT WARNING * * *
The slime creature is very cold.
The slime creature is heavily wounded.
The slime creature barely misses you.
You hit the slime creature.
The slime creature is severely wounded. "Feel my power!"
The slime creature is outlined in light.
The bush is outlined in light. x4; The floating eye is outlined in light.
The slime creature is outlined in light.
You block the slime creature's attack.
The floating eye gazes piercingly through you!
You shrug off the repeated paralysis!
The slime creature hits you!
* * * LOW HITPOINT WARNING * * *
You feel better.
The slime creature hits you but does no damage.
The slime creature is very cold.
The slime creature is moderately wounded.
You block the slime creature's attack.
The slime creature hits you but does no damage.
The slime creature is very cold.
The slime creature is severely wounded.
You thump the slime creature!
The slime creature is almost dead.
The slime creature hits you!
* * * LOW HITPOINT WARNING * * *
The slime creature is very cold.
The slime creature is moderately wounded.
The slime creature hits you but does no damage.
The slime creature is very cold.
The slime creature is lightly wounded.
The floating eye's stare focuses on you.
You bludgeon the slime creature!!
You kill the slime creature!
The slime creature barely misses you. The slime creature hits you!
You die...
Xom giggles madly!

#..$......# ....
#.........# ....
#.........# .).#
#.........### #..
#........... ##..
#......G..# ....
#.....J.J.# .. #.#
#......@..# ... #..
#.........# ...# #....#
#.........# . .....# #
#####..##......##.######
#.......J...............
#.########..............
#.# ........##.##. #.#


.PPPP. #.### #(#[.......P ♣ .♣ #'### You could see 2 slime creatures and a
floating eye (charged, corona).

Vanquished Creatures
  Harold (D:9)
  A two-headed ogre (D:9)
  Maurice (D:8)
  Maggie (D:8)
  Psyche (D:9)
  Grinder (D:5)
  3 slime creatures (D:9)
  4 yaks (D:9)
  A hog (shapeshifter) (D:4)
  Edmund (D:6)
  An acid dragon (D:8)
  2 orc warriors
  A sky beast (D:7)
  An ogre (D:7)
  A phantom (D:5)
  A kobold brigand (D:7)
  A wyvern zombie (D:9)
  2 scorpions
  2 bullfrogs
  2 howler monkeys
  A centaur zombie (D:6)
  2 hounds (D:6)
  A gnoll shaman (D:6)
  An orc priest (D:9)
  2 bullfrog skeletons (D:6)
  A jelly (D:5)
  2 iguanas
  3 orc wizards
  Ijyb (D:4)
  2 killer bee zombies (D:7)
  A howler monkey zombie (D:8)
  15 gnolls
  5 adders
  2 ufetubi
  An adder skeleton (D:4)
  A worm (D:2)
  3 dart slugs
  17 orcs
  10 ball pythons
  7 endoplasms
  6 giant cockroaches
  11 hobgoblins
  6 jackals
  8 quokkas
  2 bats
  3 frilled lizards
  15 goblins
  8 kobolds
  8 rats
174 creatures vanquished.

Vanquished Creatures (collateral kills)
  A wolf (D:5)
1 creature vanquished.

Vanquished Creatures (others)
  14 plants (D:9)
14 creatures vanquished.

Grand Total: 189 creatures vanquished

Notes
Turn   | Place    | Note
-------+----------+-------------------------------------------
     0 | D:1      | BorisBritva the Gargoyle Chaos Knight began the quest for
                  | the Orb.
     0 | D:1      | Reached XP level 1. HP: 14/14 MP: 1/1
   145 | D:1      | Reached XP level 2. HP: 16/19 MP: 2/2
   787 | D:1      | Reached XP level 3. HP: 22/24 MP: 3/3
   869 | D:1      | XOM: give mutations
   869 | D:1      | Gained mutation: You are agile. (Dex +2) [Xom's grace]
   869 | D:1      | Gained mutation: You possess an exceptional clarity of
                  | mind. [Xom's grace]
   869 | D:1      | Gained mutation: You have large cloven feet. [Xom's grace]
   869 | D:1      | Gained mutation: Your muscles are strong. (Str +2) [Xom's
                  | grace]
   980 | D:1      | XOM: 9-stop teleportation journey
  1024 | D:1      | XOM: give mutations
  1024 | D:1      | Gained mutation: You have a pair of small horns on your
                  | head. [Xom's grace]
  1024 | D:1      | Gained mutation: Your mind is acute. (Int +2) [Xom's grace]
  1024 | D:1      | Gained mutation: A frigid envelope surrounds you and
                  | freezes all who hurt you. [Xom's grace]
  1024 | D:1      | Gained mutation: You are partially covered in large bone
                  | plates. (SH +4) [Xom's grace]
  1074 | D:1      | XOM: divination: detect items
  1284 | D:2      | XOM: scenery: 1 doors open, 1 doors close
  1403 | D:2      | Reached skill level 1 in Dodging
  1455 | D:2      | XOM: noise
  1464 | D:2      | Reached XP level 4. HP: 17/29 MP: 4/4
  1478 | D:2      | Reached skill level 4 in Maces & Flails
  1480 | D:2      | XOM: scenery: summon butterflies
  1489 | D:2      | Found a shimmering blue altar of Sif Muna.
  1489 | D:2      | XOM: 1-stop teleportation journey
  1866 | D:2      | XOM: silly message
  1868 | D:3      | Found a radiant altar of Vehumet.
  1868 | D:3      | Found a hazy altar of Hepliaklqana.
  1868 | D:3      | Found a sacrificial altar of Ru.
  1868 | D:3      | Found a snail-covered altar of Cheibriados.
  1870 | D:3      | Noticed a bullfrog
  1875 | D:3      | Killed a bullfrog
  1876 | D:3      | Reached XP level 5. HP: 33/34 MP: 5/5
  2372 | D:3      | Got the Handbook of the Blaze and the Snowflakes
  2437 | D:4      | Noticed Ijyb
  2713 | D:4      | Reached skill level 5 in Maces & Flails
  2893 | D:4      | XOM: noise
  2902 | D:4      | Killed Ijyb
  2903 | D:4      | Reached XP level 6. HP: 5/39 MP: 6/6
  3036 | D:4      | XOM: give mutations
  3036 | D:4      | Gained mutation: You have a pair of horns on your head.
                  | [Xom's grace]
  3036 | D:4      | Gained mutation: Your muscles are very strong. (Str +4)
                  | [Xom's grace]
  3278 | D:4      | XOM: divination: detect creatures
  3283 | D:4      | Noticed a shapeshifter
  3283 | D:4      | an ogre changed into a shapeshifter
  3283 | D:4      | Noticed a hog
  3283 | D:4      | a shapeshifter changed into a hog
  3289 | D:4      | Killed a hog
  3290 | D:4      | Reached skill level 5 in Fighting
  3403 | D:4      | XOM: give mutations
  3403 | D:4      | Gained mutation: You are partially covered in iridescent
                  | scales. (AC +2) [Xom's grace]
  3403 | D:4      | Gained mutation: Your flesh is cold resistant. (rC+) [Xom's
                  | grace]
  3403 | D:4      | Gained mutation: Your flesh is heat resistant. (rF+) [Xom's
                  | grace]
  3628 | D:4      | XOM: cloud trail
  3880 | D:5      | Entered Level 5 of the Dungeon
  3940 | D:5      | Reached skill level 6 in Maces & Flails
  3940 | D:5      | Reached XP level 7. HP: 28/44 MP: 7/7
  4070 | D:5      | Noticed Grinder
  4076 | D:5      | XOM: noise
  4076 | D:5      | Paralysed by Grinder for 7 turns
  4091 | D:5      | Killed Grinder
  4192 | D:5      | XOM: polymorph iguana -> wolf
  4197 | D:5      | XOM: cast spell 'Summon Ice Beast'
  4200 | D:5      | Reached skill level 7 in Maces & Flails
  4203 | D:5      | Reached XP level 8. HP: 45/51 MP: 8/8
  4203 | D:5      | XOM: god gift: robe {god gift}
  4245 | D:5      | XOM: give mutations
  4245 | D:5      | Gained mutation: You have a somewhat thin skeletal
                  | structure. (Dex +2, Stealth+) [Xom's grace]
  4245 | D:5      | Gained mutation: Your spells are a little harder to cast,
                  | but a little more powerful. [Xom's grace]
  4245 | D:5      | Gained mutation: You are mostly covered in large bone
                  | plates. (SH +6) [Xom's grace]
  4319 | D:5      | XOM: god gift: morningstar {god gift}
  4433 | D:5      | Found Xadiun's Magic Scroll Shop.
  4442 | D:5      | Bought a scroll of identify for 22 gold pieces
  4442 | D:5      | Bought a scroll of identify for 22 gold pieces
  4442 | D:5      | Bought a scroll of enchant weapon for 82 gold pieces
  4442 | D:5      | Bought a scroll of identify for 22 gold pieces
  4442 | D:5      | Bought a scroll of enchant armour for 82 gold pieces
  4442 | D:5      | Bought a scroll of identify for 22 gold pieces
  4774 | D:6      | XOM: blink monster(s)
  4777 | D:6      | Reached skill level 5 in Armour
  4779 | D:6      | Reached skill level 8 in Maces & Flails
  4816 | D:6      | XOM: give mutation
  4816 | D:6      | Lost mutation: You have a somewhat thin skeletal structure.
                  | (Dex +2, Stealth+) [Xom's mischief]
  4825 | D:6      | Found a staircase to the Ecumenical Temple.
  5076 | D:6      | XOM: torment (41/51 hp)
  5155 | D:6      | Noticed Edmund
  5164 | D:6      | Killed Edmund
  5431 | D:6      | XOM: god gift: 32 gold pieces
  5741 | D:6      | XOM: scenery: create altars
  5793 | D:7      | XOM: give mutations
  5793 | D:7      | Gained mutation: You are mostly covered in iridescent
                  | scales. (AC +4) [Xom's grace]
  5793 | D:7      | Gained mutation: You are strong-willed. (Will+) [Xom's
                  | grace]
  5793 | D:7      | Gained mutation: You have hoof-like feet. [Xom's grace]
  5832 | D:7      | Found a stormy altar of Qazlal.
  5832 | D:7      | Found a hide-covered altar of Uskayaw.
  5855 | D:7      | Reached skill level 9 in Maces & Flails
  5855 | D:7      | Reached XP level 9. HP: 56/56 MP: 9/9
  5924 | D:7      | XOM: 3-stop teleportation journey
  6614 | D:7      | Found Zaubawk's Serpentskin Sales.
  6829 | D:8      | XOM: scenery: create altars
  7020 | D:8      | Noticed Maggie
  7024 | D:8      | XOM: enchant monster (good)
  7027 | D:8      | Killed Maggie
  7072 | D:8      | Noticed Maurice
  7083 | D:8      | Killed Maurice
  7084 | D:8      | Reached skill level 10 in Maces & Flails
  7087 | D:8      | XOM: 3-stop teleportation journey
  7119 | D:8      | XOM: god gift: longbow {god gift}
  7123 | D:8      | Found a staircase to the Lair.
  7229 | D:8      | XOM: 2-stop teleportation journey
  7340 | D:8      | XOM: cloud trail
  7462 | D:8      | XOM: scenery: summon butterflies
  7530 | D:8      | XOM: god gift: trident {god gift}
  7618 | D:9      | Noticed Harold
  7621 | D:9      | XOM: potion effect (haste)
  7630 | D:9      | XOM: confuse monster(s)
  7637 | D:9      | Killed Harold
  7638 | D:9      | Reached skill level 11 in Maces & Flails
  7638 | D:9      | Reached XP level 10. HP: 37/64 MP: 10/10
  7828 | D:9      | Noticed a two-headed ogre
  7834 | D:9      | Killed a two-headed ogre
  7894 | D:9      | Noticed Psyche
  7900 | D:9      | Killed Psyche
  7983 | D:9      | XOM: polymorph slime creature -> floating eye
  7985 | D:9      | XOM: 2-stop teleportation journey
  7988 | D:9      | Identified the +0 chain mail of Ytwiborch {Drain rF++
                  | Str+6} (Xom gifted it to you on level 9 of the Dungeon)
  7988 | D:9      | XOM: god gift: +0 chain mail of Ytwiborch {Drain rF++
                  | Str+6}
  7991 | D:9      | XOM: 1-stop teleportation journey
  8024 | D:9      | XOM: summons 2 hostile demons
  8025 | D:9      | XOM: polymorph ufetubus -> shadow imp
  8030 | D:9      | XOM: blink monster(s)
  8032 | D:9      | XOM: stat loss: -1 Dex (11/12)
  8033 | D:9      | XOM: cast spell 'Summon Small Mammal'
  8041 | D:9      | Reached skill level 12 in Maces & Flails
  8041 | D:9      | XOM: potion effect (heal wounds)
  8093 | D:9      | Found Amuzxeu's Assorted Antiques.
  8118 | D:9      | XOM: 2-stop teleportation journey
  8119 | D:9      | Paralysed by a floating eye for 4 turns
  8126 | D:9      | XOM: fake destruction
  8129 | D:9      | Slain by a slime creature

Illustrated notes

Levels and vault maps discovered:
D:1:      psy_arrival_fountain, layout_loops_corners, grunt_decor_arrowhead,
          minivault_14, chequers_serial_rivers_micro_c
D:2:      layout_basic, basic_altar, st_stairs_3
D:3:      cheibrodos_greedy_goblins, layout_rooms, grunt_temple_overflow_open,
          minmay_fountain_box
D:4:      layout_cave_pods, uniq_ijyb
D:5:      layout_rooms, serial_shops, shop, uniq_grinder
D:6:      layout_basic, minmay_temple_entry_mini_moons, uniq_edmund
D:7:      layout_basic, gammafunk_temple_overflow_statue, serial_aquarium,
          aquarium_bridge_long_joined [aquarium_subvault_wall,
          aquarium_subvault_wall, aquarium_subvault_wall,
          aquarium_subvault_bridge, aquarium_subvault_bridge,
          aquarium_subvault_wall], aquarium_window_2, aquarium_window_2,
          aquarium_view_2e, aquarium_view_2d, aquarium_balcony_5a,
          aquarium_pool_2, dk_noncrumbling_4, guppyfry_shop_venom
D:8:      layout_loops_ring, lair_entry_dummy, uniq_maggie, uniq_maurice
D:9:      wad_statue_garden, layout_rooms, serial_shops, shop, uniq_harold,
          uniq_psyche

Skill      XL: |  1  2  3  4  5  6  7  8  9 10 |
---------------+-------------------------------+-----
Fighting       | 4 5 6 7 8 |  8.6
Dodging        | 1 |  1.0
Maces & Flails | 4 5 6 7 9 11 12 | 12.2
Armour         | 3 4 5 6 7 |  7.6
Shields        | |  0.1

Action                   |  1- 3 |  4- 6 |  7- 9 | 10-12 || total
-------------------------+-------+-------+-------+-------++-------
Melee: Mace              |    80 |   101 |    70 |       ||   251
       Kick              |     4 |    28 |    38 |       ||    70
       Headbutt          |     3 |    18 |    32 |    12 ||    65
       Flail             |       |       |    88 |    49 ||   137
  Use: Scroll            |       |     3 |     8 |       ||    11
       Potion            |       |       |       |     1 ||     1
 Stab: Paralysed         |     1 |       |     3 |       ||     4
       Distracted        |       |       |     1 |       ||     1
       Confused          |       |       |     2 |       ||     2
Armor: Leather armour    |    39 |    55 |    25 |       ||   119
       Ring mail         |       |       |    37 |    34 ||    71
Dodge: Dodged            |    44 |    65 |    58 |    29 ||   196
Block: Other             |     4 |    18 |    33 |    15 ||    70

Table legend: (Time is in decaauts)
 A = Elapsed time spent in this place.
 B = Non-inter-level travel time spent in this place.
 C = Inter-level travel time spent in this place.
 D = Time resting spent in this place.
 E = Time spent auto-exploring this place.
 F = Levels seen in this place.
 G = Mean time per level.
                   A        B        C        D        E       F      G
               +--------+--------+--------+--------+--------+-----+--------+
         Total |   8119 |   7737 |    382 |      0 |   6756 |   9 |  902.1 |
       Dungeon |   8119 |   7737 |    382 |      0 |   6756 |   9 |  902.1 |
               +--------+--------+--------+--------+--------+-----+--------+

Top non-repeatable levels by time:
     D:4: 1225 daAuts
     D:1: 1206 daAuts
     D:6: 1053 daAuts
     D:7: 1023 daAuts
     D:5: 848 daAuts
     D:8: 801 daAuts
     D:3: 798 daAuts
     D:2: 685 daAuts
     D:9: 475 daAuts
